AoeStats
← Celinha

Fortress

509702182Analyzed
3v3 RM · 4d ago on Sep 27, 2026· 72m 39s· 6 players
Game mode
Random Map
Map size
Large (8 player)
Population
200
Speed
Normal
Resources
Standard
Victory
Conquest
Starting age
Dark Age
Ending age
Imperial Age
RankedLock teamsTeams togetherTeam positionsShared explorationLock speedFull tech treeHidden civsTurbo modeCheats
Victory
Defeat
🇦🇷 Franks · Argentina
847
+15
🇦🇷 Slavs · Argentina
833
+16
🇦🇷 Bohemians · Argentina
773
+18
🇧🇷 Mongols · Brazil
863
-18
🇧🇷 Bulgarians · Brazil
842
-17
🇧🇷 Franks · Brazil
768
-17
manu.sf
9:31 Feudal Age
10:54 Double-Bit Axe
11:00 Gold Mining
11:50 Wheelbarrow
16:38 Scale Barding Armor
16:44 Forging
16:36 Arson
20:04 Castle Age
20:39 Scale Mail Armor
20:08 Ordonnance Companies
21:08 Squires
23:37 Bow Saw
24:04 Gold Shaft Mining
23:24 Pikeman
24:16 Husbandry
34:21 Imperial Age
32:57 Hand Cart
34:04 Loom
34:40 Chain Mail Armor
35:00 Capped Ram
35:05 Elite Throwing Axeman
36:37 Chain Barding Armor
36:51 Plate Mail Armor
37:39 Fortified Wall
41:46 Conscription
42:09 Halberdier
46:11 Caravan
48:32 Cavalier
53:43 Paladin
56:35 Chain Barding Armor
56:50 Iron Casting
65:04 Plate Barding Armor
65:29 Blast Furnace
68:49 Spies/Treason
Lord Malbec
10:52 Feudal Age
11:47 Man-at-Arms
13:45 Wheelbarrow
13:38 Scale Mail Armor
14:32 Forging
20:04 Castle Age
20:38 Castle Age
21:19 Long Swordsman
25:28 Squires
26:06 Iron Casting
25:46 Chain Mail Armor
26:51 Fletching
27:26 Pikeman
34:10 Scale Barding Armor
35:56 Hand Cart
40:23 Imperial Age
39:08 Detinets
39:40 Chain Barding Armor
42:05 Druzhina
42:10 Two-Handed Swordsman
43:15 Conscription
43:30 Champion
45:23 Double-Bit Axe
47:27 Blast Furnace
48:16 Plate Mail Armor
47:44 Bodkin Arrow
47:31 Halberdier
48:44 Capped Ram
49:59 Caravan
52:14 Gold Mining
56:42 Loom
61:16 Plate Barding Armor
62:37 Heavy Scorpion
68:48 Bow Saw
72:35 Spies/Treason
Bisgarra
1:01 Loom
7:53 Feudal Age
9:35 Double-Bit Axe
10:28 Horse Collar
10:57 Man-at-Arms
14:13 Arson
14:34 Scale Mail Armor
17:40 Wheelbarrow
19:32 Castle Age
19:01 Padded Archer Armor
19:11 Forging
18:53 Fletching
21:11 Bow Saw
20:24 Crossbowman
20:25 Elite Skirmisher
21:10 Squires
22:40 Wheelbarrow
22:49 Chain Mail Armor
22:55 Town Watch
24:07 Bodkin Arrow
24:47 Long Swordsman
24:48 Pikeman
27:24 Ballistics
27:56 Leather Archer Armor
28:01 Murder Holes
29:21 Hand Cart
31:09 Chemistry
30:21 Masonry
32:07 Iron Casting
31:40 Wagenburg Tactics
32:24 Heavy Plow
37:49 Imperial Age
35:22 Town Patrol
36:00 Fortified Wall
37:52 Arbalester
37:54 Two-Handed Swordsman
37:57 Halberdier
39:10 Architecture
40:22 Plate Mail Armor
41:14 Siege Engineers
41:32 Conscription
42:45 Ring Archer Armor
45:39 Two-Man Saw
45:24 Champion
46:22 Caravan
46:15 Elite Hussite Wagon
49:43 Hussite Reforms
49:02 Capped Ram
52:35 Bracer
56:13 Blast Furnace
Celinha
10:07 Feudal Age
15:13 Castle Age
17:40 Scale Barding Armor
24:40 Scale Mail Armor
24:37 Double-Bit Axe
29:27 Stone Mining
29:28 Gold Mining
32:42 Fletching
40:12 Chain Barding Armor
40:08 Chain Mail Armor
40:03 Forging
39:50 Bodkin Arrow
39:55 Padded Archer Armor
42:18 Gold Shaft Mining
44:55 Iron Casting
49:22 Imperial Age
47:28 Treadmill Crane
47:55 Guard Tower
48:18 Fortified Wall
50:00 Cavalier
50:49 Husbandry
51:07 Heavy Scorpion
53:33 Paladin
RoughMountain
8:22 Feudal Age
12:48 Castle Age
11:25 Double-Bit Axe
11:27 Horse Collar
13:28 Stone Mining
15:27 Heavy Plow
17:46 Bow Saw
18:25 Forging
18:08 Fletching
19:02 Loom
19:53 Wheelbarrow
20:10 Padded Archer Armor
20:42 Thumb Ring
22:03 Bodkin Arrow
29:56 Husbandry
30:07 Bloodlines
35:42 Imperial Age
33:29 Hand Cart
35:05 Leather Archer Armor
36:57 Conscription
36:13 Light Cavalry
39:40 Ballistics
41:07 Conscription
41:57 Chemistry
45:23 Elite Steppe Lancer
50:01 Forging
50:21 Scale Barding Armor
52:40 Iron Casting
52:33 Chain Barding Armor
matheus503
7:17 Feudal Age
7:45 Double-Bit Axe
8:27 Horse Collar
15:33 Castle Age
14:05 Gold Mining
15:35 Bloodlines
15:29 Town Watch
15:29 Loom
15:39 Stone Mining
21:36 Scale Barding Armor
21:42 Forging
21:36 Scale Mail Armor
22:58 Wheelbarrow
24:29 Bow Saw
25:58 Town Patrol
28:00 Hand Cart
28:43 Iron Casting
29:23 Chain Barding Armor
29:51 Stirrups
30:47 Heavy Plow
35:24 Imperial Age
34:17 Pikeman
35:27 Husbandry
35:45 Chain Mail Armor
36:34 Conscription
38:08 Blast Furnace
37:43 Plate Barding Armor
37:04 Gambesons
42:05 Crop Rotation
42:19 Gold Shaft Mining
42:27 Stone Shaft Mining
41:44 Heavy Scorpion
43:48 Cavalier
48:13 Chemistry
47:33 Ballistics
51:48 Plate Mail Armor
53:04 Bagains
56:18 Squires
56:04 Arson
Connection lost

Rejoining the realm…

Still unreachable

The connection could not be restored.

Session expired

The server has moved on; the page needs a fresh start.